 Dungeon Sprint DCSS version 0.28.0-43-g3370ac3207 (webtiles) character file.

Game seed: 16787647848641804984

5763 boopmooplesden the Fencer (level 10, 0/112 HPs)
             Began as a Minotaur Berserker on Mar 2, 2022.
             Was a High Priest of Trog.
             Slain by a sphinx (8 damage)
             ... while paralysed by a sphinx
             ... in the Dungeon (Sprint II: "The Violet Keep of Menkaure").
             The game lasted 00:03:34 (983 turns).

boopmooplesden the Fencer (Minotaur Berserker)       Turns: 983, Time: 00:03:34

Health: 0/112      AC:  8    Str: 23    XL:     10   Next: 49%
Magic:  9/9        EV:  2    Int:  4    God:    Trog [*****.]
Gold:   611        SH:  0    Dex: 13    Spells: 9/9 levels left

rFire   . . .      SeeInvis .   i - +11 long sword of Wealth {spect, rElec rPois rC+}
rCold   + . .      Faith    .   (no shield)
rNeg    . . .      Spirit   .   j - +1 troll leather armour
rPois   +          Reflect  .   k - +0 hat {Stlth+}
rElec   +          Harm     .   w - +0 cloak
rCorr   .          Rampage  .   (no gloves)
Will    .....      NoTele   +   (no boots)
Stlth   ++........              (no amulet)
HPRegen 1.08/turn               (no ring)
MPRegen 0.11/turn               (no ring)

@: confused, paralysed, on berserk cooldown, slowed
A: horns 2, retaliatory headbutt
a: Renounce Religion, Berserk, Trog's Hand, Brothers in Arms


You were in the Dungeon.
You worshipped Trog.
Trog was extremely pleased with you.
You visited 1 branch You collected 1382 gold pieces.
You spent 771 gold pieces at shops.

Inventory:

Hand Weapons
 a - a +1 falchion
 i - the +11 long sword of Wealth (weapon) {spect, rElec rPois rC+}
   (You bought it in a shop in the Dungeon)

   When its wielder attacks, the weapon's spirit leaps out and strikes again.
   The spirit shares a part of any damage it takes with its wielder.
   rC:        It protects you from cold.
   rElec:     It insulates you from electricity.
   rPois:     It protects you from poison.
 l - a +2 antimagic great sword
Missiles
 q - 6 javelins (quivered)
Armour
 j - a +1 troll leather armour (worn)
 k - a +0 hat of stealth (worn)
 w - a +0 cloak (worn)
Jewellery
 u - a +4 ring of evasion
Scrolls
 h - a scroll of blinking
 n - 2 scrolls of identify
 o - a scroll of amnesia
Potions
 c - 5 potions of curing
 d - a potion of heal wounds
 e - 2 potions of haste
 f - 5 potions of magic
 g - 2 potions of berserk rage
 m - 3 potions of resistance
 s - 2 potions of degeneration
 t - 4 potions of flight
 v - a potion of brilliance


   Skills:
 + Level 18.1 Fighting
 + Level 19.1 Long Blades
 + Level 10.2 Armour
 + Level 10.3 Dodging
 + Level 0.2 Stealth


You had 9 spell levels left.
You didn't know any spells.
Your spell library was empty.

Dungeon Overview and Level Annotations

Branches:
Dungeon (1/1)

Altars:
Cheibriados
Dithmenos
Elyvilon
Fedhas
Gozag
Hepliaklqana
Kikubaaqudgha
Makhleb
Nemelex Xobeh
Okawaru
Qazlal
Ru
Sif Muna
Trog
Uskayaw
Vehumet
Wu Jian
Xom
Yredelemnul
Zin
The Shining One
Beogh
Jiyva
Lugonu

Shops:
D [!:[:*(?((===!(

Annotations:
D exclusions: obsidian statue and oklob plant


Innate Abilities, Weirdness & Mutations

You have a pair of horns on your head.
You reflexively headbutt those who attack you in melee.


Message History

a +0 troll leather armour; a deep troll corpse; a deep troll corpse You open the door.
A sphinx comes into view.
The sphinx shouts!
The sphinx casts a spell.
You are confused.
A sphinx comes into view.
The sphinx moves out of view.
Found 135 gold pieces.
You're still recovering from your berserk rage.
Found 81 gold pieces.
The sphinx casts a spell.
You suddenly lose the ability to move!
The sphinx casts a spell.
You barely resist.
The sphinx casts a spell.
Something smites you!
The sphinx casts a spell.
You barely resist. The sphinx hits you. The sphinx hits you but does no damage.
The sphinx hits you.
The sphinx hits you! x2; The sphinx hits you but does no damage.
The sphinx mumbles some strange words.
You are more confused.
The sphinx hits you but does no damage. x3
The sphinx casts a spell.
Something smites you! The sphinx hits you! The sphinx hits you. x2
The sphinx hits you!
* * * LOW HITPOINT WARNING * * *
The sphinx hits you.
* * * LOW HITPOINT WARNING * * *
The sphinx hits you.
* * * LOW HITPOINT WARNING * * *
The sphinx hits you!
* * * LOW HITPOINT WARNING * * *
The sphinx hits you.
* * * LOW HITPOINT WARNING * * *
The sphinx hits you but does no damage.
The sphinx mumbles some strange words.
You barely resist. The sphinx hits you!
You die...

)#▓[[.(.:.)▓▓
##▓▓▓▓▓▓▓'▓▓▓▓+▓
≈≈≈≈≈≈≈≈≈...≈≈≈▓
#######'###.≈≈≈▓
..._._#≈≈≈##≈≈≈▓
.._._.#≈≈≈≈####▓▓▓▓▓
._._._#§≈§§≈##..#$$▓
_._._.#≈§§§§≈#..#$.▓
._._._#§§§§§≈[..@H$▓
_._._.#§§≈§§§#..#H.▓
._._..#≈§≈≈≈≈▓..#$$▓
_._._.#§≈≈≈▓▓▓▓▓▓▓▓▓
#######≈≈≈≈▓zz.
≈≈≈≈≈≈≈≈≈≈§▓zzz≈
#######≈▓▓▓▓▓▓▓▓ #▓▓


You could see 2 sphinxes.

Vanquished Creatures
  A kraken (D)
  2 boulder beetles (D)
  2 deep trolls (D)
  A merfolk siren (D)
  A yaktaur (D)
  3 polar bears (D)
  A hornet (D)
  2 wyverns (D)
  Menkaure (D)
  3 water moccasins (D)
  4 necrophages (D)
  A scorpion (D)
  4 tentacles (D)
26 creatures vanquished.

Vanquished Creatures (others)
  A water moccasin (D)
  3 tentacles (D)
4 creatures vanquished.

Grand Total: 30 creatures vanquished

Notes
Turn   | Place    | Note
-------+----------+-------------------------------------------
     0 | D        | boopmooplesden the Minotaur Berserker began the quest for
                  | the Orb.
     0 | D        | Reached XP level 1. HP: 19/19 MP: 0/0
     1 | D        | Noticed a necrophage
     1 | D        | Noticed a necrophage
     1 | D        | Noticed a necrophage
     1 | D        | Noticed a necrophage
    10 | D        | Killed a necrophage
    11 | D        | Reached skill level 7 in Long Blades
    11 | D        | Reached XP level 2. HP: 34/34 MP: 1/1
    11 | D        | Reached XP level 3. HP: 39/39 MP: 2/2
    11 | D        | Reached XP level 4. HP: 47/47 MP: 3/3
    13 | D        | Killed a necrophage
    14 | D        | Reached skill level 9 in Long Blades
    14 | D        | Reached XP level 5. HP: 54/57 MP: 4/4
    16 | D        | Killed a necrophage
    16 | D        | Reached ** piety under Trog
    17 | D        | Reached skill level 10 in Fighting
    17 | D        | Reached skill level 10 in Long Blades
    17 | D        | Reached skill level 5 in Armour
    20 | D        | Killed a necrophage
    21 | D        | Reached skill level 5 in Dodging
    21 | D        | Reached XP level 6. HP: 39/67 MP: 5/5
    66 | D        | Noticed a wyvern
    66 | D        | Noticed a wyvern
    72 | D        | Killed a wyvern
    73 | D        | Reached skill level 11 in Long Blades
    76 | D        | Killed a wyvern
    77 | D        | Reached skill level 12 in Long Blades
    77 | D        | Reached XP level 7. HP: 35/77 MP: 6/6
   269 | D        | Noticed a boulder beetle
   269 | D        | Noticed a boulder beetle
   272 | D        | Noticed a merfolk siren
   281 | D        | Killed a merfolk siren
   281 | D        | Reached *** piety under Trog
   282 | D        | Reached skill level 13 in Long Blades
   285 | D        | Found Bibout's Antique Weapon Emporium.
   285 | D        | Found Liri Fai's Jewellery Emporium.
   285 | D        | Found Xinn's Jewellery Emporium.
   285 | D        | Found Limn's Weapon Shoppe.
   286 | D        | Found Gil Nudgh's Magic Scroll Shoppe.
   286 | D        | Found Maimn's Antique Weapon Emporium.
   286 | D        | Found Juamneap's Jewellery Shoppe.
   286 | D        | Found Ahofant's Distillery.
   287 | D        | Found Lymim's Antique Weapon Shoppe.
   287 | D        | Found Byacs's Assorted Antiques.
   287 | D        | Noticed a slime creature
   288 | D        | Noticed Menkaure
   288 | D        | Noticed a slime creature
   306 | D        | Killed Menkaure
   307 | D        | Reached XP level 8. HP: 55/86 MP: 7/7
   346 | D        | Reached **** piety under Trog
   355 | D        | Found Wieselufer's Book Emporium.
   355 | D        | Found Coogut Riabb's Antique Armour Shoppe.
   355 | D        | Noticed a slime creature
   355 | D        | Noticed an oklob plant
   356 | D        | Found Felumman's Distillery.
   356 | D        | Found Rilyphou's Book Shoppe.
   356 | D        | Found Monunkug's Antique Armour Emporium.
   530 | D        | Bought an iridescent long sword for 229 gold pieces
   530 | D        | Identified the +11 long sword of Wealth {spect, rElec rPois
                  | rC+} (You bought it in a shop in the Dungeon)
   538 | D        | Bought a runed troll leather armour for 360 gold pieces
   575 | D        | Killed a boulder beetle
   576 | D        | Reached skill level 15 in Long Blades
   580 | D        | Killed a boulder beetle
   581 | D        | Reached skill level 15 in Fighting
   581 | D        | Reached skill level 16 in Long Blades
   581 | D        | Reached XP level 9. HP: 99/99 MP: 8/8
   622 | D        | Bought a runed hat for 182 gold pieces
   652 | D        | Found a snail-covered altar of Cheibriados.
   653 | D        | Found a shadowy altar of Dithmenos.
   653 | D        | Found a viscous altar of Jiyva.
   654 | D        | Found a white marble altar of Elyvilon.
   654 | D        | Found an ancient bone altar of Kikubaaqudgha.
   655 | D        | Found a blossoming altar of Fedhas.
   655 | D        | Found a corrupted altar of Lugonu.
   655 | D        | Found a shimmering blue altar of Sif Muna.
   656 | D        | Found an opulent altar of Gozag.
   656 | D        | Found a burning altar of Makhleb.
   656 | D        | Found a bloodstained altar of Trog.
   657 | D        | Found a sparkling altar of Nemelex Xobeh.
   657 | D        | Found a hide-covered altar of Uskayaw.
   658 | D        | Found an iron altar of Okawaru.
   658 | D        | Found a radiant altar of Vehumet.
   658 | D        | Found a glowing silver altar of Zin.
   658 | D        | Found a basalt altar of Yredelemnul.
   658 | D        | Noticed a polar bear
   658 | D        | Noticed a polar bear
   660 | D        | Noticed a yaktaur
   661 | D        | Killed a polar bear
   667 | D        | Killed a polar bear
   670 | D        | Killed a yaktaur
   671 | D        | Reached skill level 17 in Long Blades
   676 | D        | Reached ***** piety under Trog
   677 | D        | Noticed a polar bear
   679 | D        | Killed a polar bear
   706 | D        | Noticed a kraken
   720 | D        | Received a gift from Trog
   757 | D        | Killed a kraken
   758 | D        | Reached skill level 18 in Long Blades
   758 | D        | Reached XP level 10. HP: 35/111 MP: 9/9
   886 | D        | Found a shimmering altar of Xom.
   886 | D        | Found a sacrificial altar of Ru.
   887 | D        | Found a glowing golden altar of the Shining One.
   887 | D        | Found an ornate altar of the Wu Jian Council.
   887 | D        | Found a stormy altar of Qazlal.
   922 | D        | Found a hazy altar of Hepliaklqana.
   930 | D        | Noticed an obsidian statue
   946 | D        | Noticed a deep troll
   946 | D        | Noticed a deep troll
   952 | D        | Killed a deep troll
   953 | D        | Reached skill level 10 in Armour
   953 | D        | Reached skill level 10 in Dodging
   954 | D        | Killed a deep troll
   955 | D        | Reached skill level 19 in Long Blades
   977 | D        | Noticed a sphinx
   977 | D        | Noticed a sphinx
   978 | D        | Paralysed by a sphinx for 7 turns
   983 | D        | Slain by a sphinx

Illustrated notes

Levels and vault maps discovered:
D:        the_violet_keep_of_menkaure [sprint2_stairs_cluster_1,
          sprint2_shoproom, sprint2_temple, sprint2_basic_supplies,
          sprint2_obstacle_7, sprint2_obstacle_3, sprint2_obstacle_2,
          sprint2_obstacle_6, sprint2_obstacle_5, sprint2_timed_cluster_1,
          sprint2_smallroom_cluster_1, sprint2_smallroom_final_cluster_1,
          sprint2_transparent_cluster_1, sprint2_second_timed_cluster_1,
          sprint2_sniper_area_1, sprint2_heavy_combat_area_1,
          sprint2_mutation_trap_area_1, sprint2_forest_area_1,
          sprint2_light_combat_area_1, sprint2_behind_water_1,
          sprint2_near_end_vault_1]

Skill      XL: |  1  2  3  4  5  6  7  8  9 10 |
---------------+-------------------------------+-----
Fighting       | 7 9 10 12 13 15 17 18 | 18.1
Long Blades    | 7 9 10 12 13 16 18 19 | 19.1
Armour         | 3 4 5 6 7 8 9 10 | 10.2
Dodging        | 3 4 5 6 8 9 10 | 10.3
Stealth        | |  0.2

Action                   |  1- 3 |  4- 6 |  7- 9 | 10-12 || total
-------------------------+-------+-------+-------+-------++-------
Melee: Falchion          |     8 |    20 |    16 |       ||    44
       Punch             |     1 |       |       |     1 ||     2
       Headbutt          |       |     6 |    16 |       ||    22
       Long sword        |       |       |    62 |     7 ||    69
Invok: Berserk           |     1 |       |     3 |     1 ||     5
  Use: Scroll            |       |       |     1 |     7 ||     8
Armor: Animal skin       |     1 |       |     1 |       ||     2
       Troll leather arm |       |       |     3 |     6 ||     9
Dodge: Dodged            |       |     7 |    31 |     5 ||    43
